Map: Catalyseur EC

Players

Alex - Winner!

  • Race: Terran Terran
  • League: Diamond
  • Spawn Location: 11:00

HoldTheDoor

  • Race: Protoss Protoss
  • League: Diamond
  • Spawn Location: 5:00

VOD

Have the link to the VOD?

Description

Time

  • Played on: July 5, 2018, 11:11 a.m.
  • Length: 18:14
Show
View Real Time Build Order
Export as new Build Order

Alex Terran - Winner!

Build Orders: Cyclone Opening, MMM Bio 

Get SALT Encoding   

  12  0:00  SCV  
  13  0:12  SCV  
  14  0:17  Supply Depot  
  14  0:24  SCV  
  15  0:29  Refinery  
  15  0:38  SCV  
  16  0:45  Barracks  
  16  0:54  SCV  
  17  1:06  SCV  
  18  1:20  SCV  
  19  1:33  Orbital Command  
  19  1:35  Marine  
  20  1:54  Command Center  
  20  2:05  Factory  
  20  2:13  Barracks Reactor  
  20  2:16  Refinery  
  20  2:25  SCV  
  20  2:27  Supply Depot  
  21  2:37  SCV  
  22  2:49  SCV  
  23  2:57  Cyclone x2  
  29  3:00  Barracks Tech Lab  
  29  3:08  Orbital Command  
  29  3:17  Starport  
  29  3:20  SCV  
  30  3:32  Supply Depot, SCV  
  30  3:34  Hellion  
  33  3:43  Hellion  
  33  3:44  SCV x2  
  37  3:54  Supply Depot  
  37  3:56  SCV  
  37  3:58  Hellion  
  40  4:30  SCV  
  40  4:31  SCV  
  40  4:37  Engineering Bay  
  40  4:39  Barracks x2  
  40  4:40  Refinery  
  40  4:43  SCV x2  
  40  4:51  Starport Reactor, Supply Depot  
  40  4:54  Factory Tech Lab  
  40  4:55  SCV x2  
  40  4:58  Bunker  
  43  5:07  SCV x2  
  43  5:12  Terran Infantry Weapons Level 1  
  43  5:13  Supply Depot  
  47  5:14  Siege Tank  
  47  5:16  Marine x2  
  47  5:19  SCV x2  
  51  5:30  Refinery  
  51  5:31  SCV x2  
  51  5:33  Marine x2  
  57  5:43  SCV  
  57  5:44  Supply Depot  
  57  5:45  Engineering Bay, SCV  
  57  5:46  Siege Tank  
  61  5:52  Barracks Tech Lab, Marine x2  
  61  5:55  SCV  
  63  6:07  SCV  
  63  6:08  Marine  
  63  6:09  Stimpack  
  63  6:10  SCV, Marine x2  
  68  6:12  Barracks, Medivac x2  
  68  6:13  Barracks  
  72  6:18  Supply Depot  
  72  6:19  SCV  
  72  6:23  Terran Infantry Armor Level 1  
  72  6:24  Marine  
  74  6:26  Marine  
  74  6:28  Marine x2  
  77  6:38  Siege Tank  
  80  6:43  Marine  
  80  6:44  SCV, Marine  
  80  6:46  Marine x2  
  85  6:52  Medivac  
  87  6:56  SCV  
  86  7:01  Marine  
  86  7:02  Marine  
  86  7:03  Marine  
  86  7:04  Marine  
  90  7:08  Marine x2  
  90  7:10  SCV, Armory  
  90  7:15  Command Center  
  93  7:19  Marine  
  94  7:38  Supply Depot  
  94  7:44  Supply Depot  
  94  7:45  Supply Depot  
  94  7:56  Barracks Reactor  
  94  8:00  Supply Depot, Barracks Reactor, Medivac, SCV, Marine x2, Siege Tank  
  102  8:06  SCV, Marine x2, Medivac  
  102  8:08  Combat Shields  
  107  8:18  Marine x2  
  109  8:20  Liberator x2  
  109  8:24  Marine x2  
  99  8:33  Marine x2  
  72  8:34  Orbital Command  
  72  8:35  SCV x2, Marine x2  
  72  8:36  Marine x2  
  84  8:41  Marine x2  
  84  8:44  Supply Depot  
  84  8:46  Siege Tank  
  84  8:47  SCV x2  
  91  8:51  Marine x2  
  91  8:53  Marine x2  
  95  8:59  SCV, Marine x2  
  98  9:07  Terran Infantry Weapons Level 2  
  98  9:08  Marine x2  
  100  9:11  Marine x2  
  93  9:17  Marine x2  
  80  9:49  SCV  
  80  9:50  SCV  
  80  9:52  Orbital Command  
  80  10:04  Marauder, Marine x4  
  80  10:05  Marauder, Marine x2  
  80  10:06  Siege Tank  
  92  10:19  SCV x2  
  92  10:20  Medivac x2  
  98  10:22  Marine x2  
  98  10:26  Marauder x2  
  104  10:32  SCV  
  104  10:35  SCV x2, Refinery  
  106  10:36  Marine x4, Refinery  
  106  10:40  Marine x2  
  113  10:45  SCV  
  113  10:46  Siege Tank  
  113  10:47  Marauder x2  
  113  10:48  Supply Depot  
  121  10:50  Medivac x2  
  121  10:56  SCV  
  126  11:09  Marauder x2  
  130  11:20  SCV  
  130  11:22  SCV  
  130  11:24  Marine  
  130  11:25  Marine x4  
  127  11:27  Viking x2  
  127  11:28  Supply Depot  
  127  11:29  Supply Depot  
  127  11:30  Marauder x2  
  136  11:36  Terran Infantry Armor Level 2  
  136  11:37  Barracks  
  136  11:38  Factory Reactor  
  136  11:39  Barracks  
  136  11:48  Marine x2  
  136  11:49  Marine x3  
  136  11:51  Sensor Tower, Marauder  
  136  11:52  Marauder, Marine  
  136  11:53  Command Center  
  146  11:57  Viking x2  
  146  12:01  Supply Depot  
  150  12:06  Marine x4  
  150  12:07  Marine  
  155  12:13  Marauder x2  
  158  12:43  Supply Depot  
  158  13:05  Marauder x3, Marine x7, Viking x2  
  168  13:22  Marine x2  
  168  13:23  Marine  
  168  13:26  Marauder  
  173  13:57  Marauder  
  173  13:58  Marauder  
  173  14:01  Marine  
  173  14:07  Orbital Command  
  173  14:09  Refinery  
  173  14:10  Refinery  
  173  14:26  Marine  
  173  14:27  Marine x4  
  173  14:28  Marine  
  173  14:29  Marauder x2, Marine x2  
  152  14:44  Marine  
  152  14:45  Marine x3  
  137  14:46  Marauder  
  135  15:15  Marine  
  135  15:16  Marauder, Marine  
  135  15:17  Marauder, Marine x2  
  135  15:18  Marauder, Marine  
  102  15:29  Marine x2  
  102  15:32  Marine  
  102  15:34  Marine  
  102  15:35  Marine x2  
  88  15:36  Marine  
  88  15:38  Marauder x2  
  88  15:39  Marauder  
  93  15:43  Medivac x2  
  93  15:47  Widow Mine x2  
  99  15:59  Supply Depot, Marauder x2, Marine x2  
  99  16:01  Marauder  
  107  16:08  Widow Mine  
  109  16:13  Medivac x2  
  113  16:20  Marauder  
  113  16:21  Marauder  
  113  16:22  Marauder, Marine  
  120  16:27  Widow Mine  
  120  16:30  Widow Mine  
  124  16:42  Marauder x2  
  124  16:43  Marauder, Medivac  
  127  16:48  Command Center  
  119  16:54  Marine x4  
  121  17:03  Marauder  
  121  17:04  Marauder  
  112  17:19  Marine x2  
  112  17:20  Marine x2  
  116  17:25  Marauder x2  
  119  17:39  Supply Depot  
  119  17:43  Marine  
  120  17:46  Marauder x2  
Show
View Real Time Build Order
Export as new Build Order

HoldTheDoor Protoss 

Build Orders:  

Get SALT Encoding   

  12  0:00  Probe  
  13  0:13  Probe  
  14  0:17  Pylon  
  14  0:25  Probe  
  15  0:37  Probe  
  15  0:39  Gateway  
  16  0:46  Assimilator  
  16  0:49  Probe  
  17  0:55  Assimilator  
  17  1:01  Probe  
  18  1:12  Gateway  
  18  1:13  Probe  
  19  1:25  Probe  
  20  1:27  Cybernetics Core  
  20  1:34  Pylon  
  20  1:37  Probe  
  21  1:45  Warp Gate  
  21  1:49  Probe  
  22  2:01  Probe  
  22  2:03  Stalker x2  
  27  2:14  Probe, Pylon  
  28  2:33  Stalker x2  
  32  2:43  Robotics Facility  
  32  2:46  Probe  
  33  2:59  Probe  
  34  3:11  Probe  
  35  3:27  Immortal  
  35  3:31  Nexus  
  35  3:32  Pylon  
  39  3:50  Probe  
  39  3:53  Shield Battery  
  40  3:56  Pylon  
  40  4:06  Observer  
  40  4:09  Stalker x2  
  45  4:19  Shield Battery  
  45  4:28  Probe  
  46  4:35  Stalker  
  46  4:36  Stalker  
  50  4:40  Probe  
  51  4:46  Probe  
  51  4:52  Probe  
  53  4:59  Probe  
  54  5:01  Immortal  
  58  5:08  Robotics Bay  
  58  5:09  Probe  
  58  5:11  Probe  
  60  5:19  Pylon  
  60  5:24  Stalker x2  
  60  5:28  Probe  
  65  5:32  Assimilator  
  65  5:33  Probe  
  66  5:38  Pylon  
  66  5:46  Immortal  
  70  5:52  Probe  
  70  5:53  Probe  
  72  6:03  Stargate  
  72  6:05  Pylon  
  72  6:08  Gateway  
  72  6:10  Gateway  
  72  6:14  Pylon  
  72  6:15  Probe  
  73  6:19  Probe  
  73  6:22  Assimilator  
  74  6:26  Pylon  
  74  6:27  Probe  
  75  6:34  Colossus  
  75  6:37  Probe  
  82  6:45  Protoss Air Armor Level 1  
  82  6:53  Probe x2  
  84  7:06  Void Ray  
  88  7:12  Zealot x4  
  96  7:18  Forge  
  96  7:20  Forge  
  96  7:22  Pylon  
  96  7:27  Twilight Council  
  96  7:30  Pylon  
  96  7:40  Zealot x3  
  96  7:41  Zealot  
  104  7:47  Extended Thermal Lance  
  104  7:50  Protoss Ground Armor Level 1  
  104  7:56  Void Ray  
  108  8:22  Pylon  
  95  8:34  Void Ray  
  85  8:37  Zealot  
  85  8:38  Zealot x3  
  93  8:46  Colossus  
  83  9:44  Stalker x4  
  91  9:55  Void Ray  
  91  9:57  Charge  
  91  10:01  Stargate  
  91  10:04  Pylon  
  91  10:06  Pylon  
  91  10:24  Protoss Ground Armor Level 2  
  91  10:25  Protoss Shields Level 1  
  91  10:31  Zealot x2  
  91  10:32  Zealot x2  
  91  10:34  Nexus  
  99  10:37  Pylon  
  99  10:39  Immortal  
  99  10:40  Void Ray, Pylon  
  103  10:47  Templar Archives  
  103  10:50  Void Ray  
  111  11:05  Protoss Air Weapons Level 1  
  110  11:13  Stalker  
  109  11:23  Probe  
  110  11:26  Probe  
  110  11:31  Phoenix  
  113  11:35  Probe  
  114  11:43  Probe  
  115  11:47  Probe  
  115  11:52  Photon Cannon  
  116  11:55  Probe  
  116  11:56  Photon Cannon  
  116  11:59  Probe x2  
  119  12:02  Assimilator  
  119  12:04  Assimilator  
  119  12:18  Warp Prism  
  113  12:25  High Templar x2  
  113  12:26  High Templar  
  121  12:32  Archon  
  121  12:35  Zealot  
  123  12:43  Gateway  
  123  12:46  Gateway  
  123  12:48  Gateway  
  123  12:49  Gateway  
  123  12:50  Probe x2  
  126  12:51  Probe  
  126  12:59  Stalker x2  
  126  13:00  Stalker x2  
  126  13:02  Probe  
  132  13:30  Nexus  
  132  13:36  Pylon  
  132  13:38  Probe x2  
  132  13:40  Pylon  
  134  13:45  High Templar x3  
  132  14:06  Zealot  
  134  14:16  Archon  
  132  14:18  Zealot x3  
  132  14:39  Zealot x4  
  137  14:59  Zealot  
  132  15:00  Zealot x3  
  131  15:10  Zealot x2  
  131  15:11  Zealot  
  106  15:18  Zealot  
  106  15:20  Zealot  
  87  15:21  High Templar x3  
  77  15:33  Void Ray x2  
  71  15:38  Archon  
  79  16:27  Archon  
  47  17:17  Zealot  
  47  17:18  Zealot  
Tags
 
Add a new tag
Caveats
  • Supply blocks, unpowered buildings, or Contaminate may cause inaccurate times.
  • Supply counts are checked every 10 seconds.